 Dungeon Crawl Stone Soup version 0.28-a0-312-gbced6e68ee (webtiles) character file.

Game seed: 13695640917966258549

891 Maimakterion the Grave Robber (level 7, -7/51 HPs)
             Began as a Vampire Necromancer on Aug 30, 2021.
             Was a Believer of Jiyva.
             Mangled by Pikel (14 damage)
             ... on level 6 of the Dungeon.
             The game lasted 00:08:29 (5019 turns).

Maimakterion the Grave Robber (Vampire Necromancer) Turns: 5019, Time: 00:08:29

Health: -7/51      AC:  3    Str:  7    XL:     7   Next: 77%
Magic:  8/14       EV: 14    Int: 19    God:    Jiyva [**....]
Gold:   212        SH:  0    Dex: 15    Spells: 3/15 levels left

rFire   . . .      SeeInvis +   v - +2 mace (pain)
rCold   . . .      Faith    .   (no shield)
rNeg    . . .      Spirit   .   a - +0 robe
rPois   .          Reflect  .   i - +0 helmet
rElec   .          Harm     .   (no cloak)
rCorr   .          Rampage  .   (no gloves)
Will    .....                   (no boots)
Stlth   +++.......              (no amulet)
HPRegen 0.37/turn               (no ring)
MPRegen 0.14/turn               (no ring)

@: healing quickly
A: alive, fangs 3, see invisible, vampiric 2
a: Exsanguinate, Renounce Religion, Request Jelly


You were on level 6 of the Dungeon.
You worshipped Jiyva.
Jiyva was pleased with you.
You visited 2 branches of the dungeon, and saw 7 of its levels.

You collected 212 gold pieces.

Inventory:

Hand Weapons
 c - a +0 dagger
 v - a +2 mace of pain (weapon)
Missiles
 x - 2 boomerangs of dispersal
Armour
 a - a +0 robe (worn)
 i - a +0 helmet (worn)
 l - a +3 leather armour
Jewellery
 w - a +6 ring of dexterity
Wands
 o - a wand of flame (17)
Scrolls
 b - a scroll of enchant armour {unknown}
 d - 2 scrolls of teleportation
 e - 2 scrolls of fog {unknown}
 g - a scroll of blinking {unknown}
 n - 3 scrolls of identify {unknown}
 s - 4 scrolls of silence {unknown}
 u - a scroll of vulnerability {unknown}
Potions
 f - a potion of haste
 h - a potion of attraction {unknown}
 j - a potion of cancellation {unknown}
 k - a potion of might {unknown}
 m - 2 potions of lignification
 p - 2 potions of flight {unknown}
 q - a potion of berserk rage {unknown}
 r - 3 potions of curing {unknown}
 t - a potion of brilliance {unknown}


   Skills:
 * Level 2.7 Fighting
 + Level 0.5 Short Blades
 * Level 4.5 Dodging
 + Level 4.0 Stealth
 * Level 4.9 Spellcasting
 * Level 0.1 Conjurations
 * Level 6.9 Necromancy


You had 3 spell levels left.
You knew the following spells:

 Your Spells              Type           Power      Damage    Failure   Level
a - Magic Dart            Conj           20%        1d4       12%         1
b - Searing Ray           Conj           10%        3d3       19%         2
c - Vampiric Draining     Necr           15%        2d8       2%          3
d - Animate Dead          Necr           15%        N/A       7%          4
e - Pain                  Necr           100%       1d9       1%          1
f - Animate Skeleton      Necr           62%        N/A       1%          1

Your spell library contained the following spells:

 Spells                   Type           Power      Damage    Failure   Level
 Agony                    Necr           31%        N/A       21%         5
 Fulminant Prism          Conj/Hex       2%         3d6       77%         4


Dungeon Overview and Level Annotations

Branches:
Dungeon (6/15)             Temple (1/1) D:5

Altars:
Cheibriados
Dithmenos
Elyvilon
Hepliaklqana
Makhleb
Nemelex Xobeh
Okawaru
Qazlal
Sif Muna
Trog
Uskayaw
Vehumet
Wu Jian
Xom
Yredelemnul
Zin
Jiyva

Shops:
D:2 [   D:4 *

Annotations:
D:3 3 runed translucent doors, frimble's ghost, amateur GnWn
D:6 Pikel


Innate Abilities, Weirdness & Mutations

Your natural rate of healing is accelerated.
You have razor-sharp teeth.
You have supernaturally acute eyesight. (SInv)
You are afflicted with vampirism and can become a bat while bloodless.


Message History

There is an open door here.
You barely miss the lemure. Your bite misses the lemure.
The lemure is almost dead.
The scorpion stings you.
You hit Pikel but do no damage.
Pikel writhes in agony.
Pikel is lightly wounded.
Pikel hits you with a +1 whip of electrocution!
You are electrocuted!!
The scorpion stings you but does no damage.
Pikel hits you with a +1 whip of electrocution!
* * * LOW HITPOINT WARNING * * *
The scorpion closely misses you.
You take 39 damage, and have 9/51 hp.
MASSIVE DAMAGE!!
Casting: Magic Dart (safe; 12% risk of failure)
Confirm with . or Enter, or press ? or * to list all spells.
Aiming: Vampiric Draining (dangerous; 2% risk of failure)
Press: ? - help, Shift-Dir - straight line, f - scorpion
Aim: a scorpion
Okay, then.
Pikel barely misses you.
Casting: Vampiric Draining (dangerous; 2% risk of failure)
Confirm with . or Enter, or press ? or * to list all spells.
Aiming: Vampiric Draining (dangerous; 2% risk of failure)
Press: ? - help, Shift-Dir - straight line, f - Pikel
Aim: Pikel, wielding a +1 whip of electrocution, wearing a +0 robe and carrying a wand of mindburst (11) (lightly wounded, fast)
You draw life force from Pikel!
You feel life coursing into your body.
Pikel hits you with a +1 whip of electrocution.
* * * LOW HITPOINT WARNING * * *
You now have 11/14 mp.
Casting: Vampiric Draining (dangerous; 2% risk of failure)
Confirm with . or Enter, or press ? or * to list all spells.
Aiming: Vampiric Draining (dangerous; 2% risk of failure)
Press: ? - help, Shift-Dir - straight line, f - Pikel
Aim: Pikel, wielding a +1 whip of electrocution, wearing a +0 robe and carrying a wand of mindburst (11) (moderately wounded, fast)
You draw life force from Pikel!
You feel life coursing into your body. Pikel barely misses you.
Pikel hits you with a +1 whip of electrocution!
* * * LOW HITPOINT WARNING * * *
You are electrocuted!
You die...

##..............#.#...#
##...............'.##........
#................#####..#.....
....############## ##.......
...## #.......
....############## #.....###
#................######.....#.##
##...............Ks5...........#
##.............@#5Z5...........
################55............
#....J........# #....O.......##
##..........J## .............#.#
## ##.......##.##.##...
#...........s......
#...........#.##...


You could see Pikel (fast), a lemure and a scorpion.

Vanquished Creatures
  A water moccasin (D:6)
  Duvessa (D:4)
  3 ogres
  A centaur (D:5)
  Dowan (D:4)
  A water moccasin skeleton (D:5)
  A crimson imp (D:5)
  Jessica (D:2)
  An orc wizard (D:4)
  A killer bee zombie (D:6)
  2 gnolls
  7 adders
  An ufetubus (D:4)
  3 dart slugs
  22 orcs
  3 endoplasms
  3 giant cockroaches
  4 goblins
  7 hobgoblins
  3 quokkas
  5 ball pythons
  4 bats
  4 frilled lizards
  3 kobolds
  2 rats (D:1)
85 creatures vanquished.

Vanquished Creatures (others)
  An ice beast (D:6)
  A centaur (D:6)
  A scorpion (D:6)
  A water moccasin skeleton (D:6)
  12 jellies (D:6)
  2 orc priests (D:6)
  A gnoll shaman (D:6)
  An orc wizard (D:6)
  An adder (D:5)
  7 orcs (D:6)
  A butterfly (D:5)
  6 plants (D:4)
35 creatures vanquished.

Grand Total: 120 creatures vanquished

Notes
Turn   | Place    | Note
-------+----------+-------------------------------------------
     0 | D:1      | Maimakterion the Vampire Necromancer began the quest for
                  | the Orb.
     0 | D:1      | Reached XP level 1. HP: 13/13 MP: 3/3
   211 | D:1      | Noticed an eye of devastation
   217 | D:1      | Found a faded altar of an unknown god.
   219 | D:1      | Noticed a great orb of eyes
   219 | D:1      | Noticed a floating eye
   219 | D:1      | Noticed a shining eye
   223 | D:1      | Reached XP level 2. HP: 18/19 MP: 1/5
   268 | D:1      | Reached skill level 5 in Necromancy
   367 | D:1      | Learned a level 1 spell: Animate Skeleton
   916 | D:2      | Gained mutation: You are afflicted with vampirism and can
                  | become a bat while bloodless. [Vampire growth]
   916 | D:2      | Reached XP level 3. HP: 24/24 MP: 4/6
   920 | D:2      | Learned a level 3 spell: Vampiric Draining
   963 | D:2      | Found Ceataamo's Antique Armour Emporium.
  1018 | D:2      | Noticed Jessica
  1023 | D:2      | Killed Jessica
  1223 | D:2      | Reached XP level 4. HP: 29/31 MP: 4/7
  1500 | D:3      | Found a runed translucent gate.
  1500 | D:3      | Found a runed translucent gate.
  1504 | D:3      | Found a runed translucent gate.
  1508 | D:3      | Noticed frimble's ghost (amateur GnWn)
  1615 | D:3      | Found a snail-covered altar of Cheibriados.
  1617 | D:3      | Found an ornate altar of the Wu Jian Council.
  1618 | D:3      | Noticed a phantom
  1644 | D:3      | Found a bloodstained altar of Trog.
  2163 | D:4      | Noticed an ogre
  2174 | D:4      | Killed an ogre
  2175 | D:4      | Reached skill level 1 in Fighting
  2175 | D:4      | Reached skill level 6 in Necromancy
  2175 | D:4      | Reached XP level 5. HP: 17/37 MP: 0/10
  2180 | D:4      | Learned a level 4 spell: Animate Dead
  2762 | D:4      | Found Luys's Luxury Loot.
  2809 | D:4      | Noticed Duvessa
  2809 | D:4      | Noticed Dowan
  2861 | D:4      | Killed Duvessa
  2862 | D:4      | Reached XP level 6. HP: 16/43 MP: 0/12
  2884 | D:4      | Killed Dowan
  3804 | D:5      | Entered Level 5 of the Dungeon
  3804 | D:5      | Found a staircase to the Ecumenical Temple.
  3824 | Temple   | Entered the Ecumenical Temple
  3982 | Temple   | Became a worshipper of Jiyva Jeudd the Shapeless
  4105 | D:5      | Reached XP level 7. HP: 47/48 MP: 11/13
  4215 | D:5      | Reached * piety under Jiyva
  4539 | D:5      | Found a shimmering altar of Xom.
  4801 | D:6      | Learned a level 1 spell: Magic Dart
  4921 | D:6      | Learned a level 2 spell: Searing Ray
  4930 | D:6      | Reached ** piety under Jiyva
  4997 | D:6      | Noticed Pikel
  5019 | D:6      | Mangled by Pikel

Illustrated notes

Levels and vault maps discovered:
D:1:      eino_arrival_druids_welcome, layout_rooms,
          hellmonk_ecumenical_altar_watching_god, minmay_indecisive_spiral
D:2:      layout_basic, serial_shops, nicolae_shop_competitors_out_of_business,
          minmay_cupped, uniq_jessica
D:3:      layout_basic, mainiacjoe_overflow_two_lobes, trog_book,
          grunt_temple_overflow_open, gammafunk_ghost_necromancy,
          serial_park_tiny_2
D:4:      layout_basic, nicolae_elyvilon_temple_path, hex_large,
          chequers_serial_rivers_room_b, nicolae_alphabet_shops,
          minmay_misc_feat_roman, serial_bayou_crossing, uniq_duvessa
D:5:      layout_loops_ring, led_xom_imps, minmay_temple_entry_butterflies
D:6:      layout_cave_pools, nicolae_overflow_crystal_walls, nrook_uturn,
          chequers_serial_rivers_micro_a, minmay_pentangle, uniq_pikel
Temple:   pf_slime_end_temple

Skill      XL: |  1  2  3  4  5  6  7 |
---------------+----------------------+-----
Necromancy     | 5 6 |  6.9
Spellcasting   | 3 4 |  4.9
Fighting       | 1 2 |  2.7
Dodging        | 3 4 |  4.5
Stealth        | 4 |  4.0
Short Blades   | |  0.5
Conjurations   | |  0.1

Action                   |  1- 3 |  4- 6 |  7- 9 || total
-------------------------+-------+-------+-------++-------
Melee: Dagger            |    25 |   114 |       ||   139
       Bite              |     1 |    18 |    10 ||    29
       Mace              |       |    41 |    96 ||   137
 Cast: Pain              |    41 |     4 |     2 ||    47
       Vampiric Draining |       |    25 |     3 ||    28
       Magic Dart        |       |       |     1 ||     1
Evoke: Wand              |       |     1 |       ||     1
  Use: Scroll            |       |     1 |     1 ||     2
       Potion            |       |       |     1 ||     1
 Stab: Sleeping          |       |     6 |       ||     6
Armor: Robe              |     7 |    36 |    32 ||    75
       Skin              |       |       |     3 ||     3
Dodge: Dodged            |    24 |   131 |   102 ||   257

Table legend: (Time is in decaauts)
 A = Elapsed time spent in this place.
 B = Non-inter-level travel time spent in this place.
 C = Inter-level travel time spent in this place.
 D = Time resting spent in this place.
 E = Time spent auto-exploring this place.
 F = Levels seen in this place.
 G = Mean time per level.
                   A        B        C        D        E       F      G
               +--------+--------+--------+--------+--------+-----+--------+
         Total |   5081 |   4869 |    212 |    262 |   3498 |   7 |  725.9 |
       Dungeon |   4906 |   4710 |    196 |    262 |   3357 |   6 |  817.7 |
        Temple |    174 |    158 |     16 |      0 |    141 |   1 |  174.0 |
               +--------+--------+--------+--------+--------+-----+--------+

Top non-repeatable levels by time:
     D:4: 1635 daAuts
     D:3: 736 daAuts
     D:2: 727 daAuts
     D:1: 723 daAuts
     D:5: 719 daAuts
     D:6: 365 daAuts
  Temple: 174 daAuts
